Map: Usina Ácida LE

Players

IagoAbreu

  • Race: Terran Terran
  • League: Silver
  • Spawn Location: 5:00

ImperioAztek - Winner!

  • Race: Protoss Protoss
  • League: Silver
  • Spawn Location: 11:00

VOD

Have the link to the VOD?

Description

Time

  • Played on: Feb. 28, 2018, 10:13 a.m.
  • Length: 21:43
Show
View Real Time Build Order
Export as new Build Order

IagoAbreu Terran 

Build Orders:  

Get SALT Encoding   

  12  0:00  SCV  
  13  0:16  Supply Depot  
  13  0:22  SCV  
  14  0:29  Supply Depot  
  14  0:34  SCV  
  15  0:43  Supply Depot  
  15  0:48  SCV  
  16  0:55  Supply Depot  
  16  1:01  SCV  
  17  1:07  Supply Depot  
  17  1:14  SCV  
  18  1:34  Barracks x2  
  18  1:37  SCV  
  19  1:43  Refinery  
  19  1:47  Refinery  
  19  1:50  SCV  
  20  2:02  SCV  
  21  2:17  SCV  
  22  2:30  Command Center  
  22  2:43  Barracks Reactor x2  
  22  2:55  Bunker  
  22  2:58  SCV  
  23  3:10  SCV  
  23  3:12  Bunker  
  24  3:22  Marine x4  
  28  3:34  Bunker  
  28  3:42  Factory, Bunker  
  28  3:51  Orbital Command  
  28  3:57  Marine x2  
  30  4:02  Marine  
  30  4:06  Marine  
  32  4:21  Orbital Command  
  32  4:25  SCV  
  33  4:38  SCV  
  34  4:42  Factory Tech Lab  
  34  4:47  Marine x4  
  38  4:57  Starport  
  38  4:58  SCV  
  39  5:09  Siege Tank  
  39  5:10  SCV  
  39  5:13  Marine x2  
  39  5:14  Marine x2  
  47  5:23  SCV  
  48  5:31  Armory  
  48  5:35  SCV, Engineering Bay  
  49  5:43  Starport Tech Lab  
  49  5:47  SCV  
  50  5:54  Siege Tank  
  53  6:17  Liberator  
  53  6:18  Liberator  
  53  6:29  Command Center  
  53  6:31  Widow Mine  
  61  6:40  Stimpack  
  61  6:42  Terran Infantry Weapons Level 1  
  61  6:46  Terran Vehicle Weapons Level 1  
  61  6:53  Widow Mine  
  63  6:54  Drilling Claws  
  63  7:05  Factory  
  63  7:18  Missile Turret  
  62  7:36  Missile Turret  
  62  7:42  Missile Turret  
  62  7:46  Missile Turret  
  62  7:54  Missile Turret  
  62  7:55  Missile Turret  
  62  7:57  Factory Tech Lab  
  62  8:07  Medivac x2  
  62  8:12  Marine x2  
  68  8:22  Missile Turret  
  68  8:26  Missile Turret  
  68  8:30  Marine x2  
  70  8:52  Command Center  
  70  9:30  Sensor Tower  
  70  9:42  Sensor Tower  
  70  9:46  Marine x2  
  70  9:47  SCV  
  73  9:59  SCV  
  74  10:04  Marine x2  
  76  10:11  SCV  
  77  10:15  Terran Ship Weapons Level 1  
  77  10:16  Terran Infantry Weapons Level 2  
  77  10:20  Thor x2  
  89  10:23  SCV  
  90  10:32  Ghost Academy  
  90  10:35  SCV  
  91  11:01  Marine x2  
  93  11:04  Viking x2  
  93  11:11  Refinery  
  97  11:14  Refinery  
  97  11:16  Ghost  
  99  11:18  Marine  
  99  11:19  Marine  
  101  11:26  Supply Depot  
  101  11:36  Marine x2  
  103  11:42  SCV  
  104  11:48  Supply Depot  
  104  11:52  Planetary Fortress  
  104  11:54  Marine x2, SCV  
  107  12:03  Viking x2  
  107  12:06  SCV  
  112  12:10  Supply Depot  
  112  12:18  SCV  
  112  12:20  Hellion  
  115  12:24  Hellion  
  117  12:32  Supply Depot  
  117  12:38  Personal Cloaking  
  117  12:41  Terran Infantry Weapons Level 3  
  117  12:42  Hellion  
  119  12:45  Hellion  
  117  13:37  Terran Ship Weapons Level 2  
  117  13:42  Thor x2  
  129  13:49  Barracks  
  129  13:50  Marine x3  
  132  13:55  Viking  
  132  13:57  Viking  
  136  14:08  Marine x3  
  139  14:10  Nuke  
  139  14:25  Hellion  
  141  14:35  Marine x2, Hellion, Viking x2  
  141  14:38  Supply Depot  
  149  14:45  Supply Depot  
  149  14:48  Barracks Reactor  
  149  14:59  Marine x3  
  156  15:00  Hellion x2  
  156  15:01  Supply Depot  
  156  15:05  Viking  
  156  15:06  Viking  
  158  15:08  Supply Depot  
  156  15:17  Marine x2  
  158  15:25  Supply Depot  
  158  15:38  Terran Infantry Armor Level 1  
  158  15:52  Terran Vehicle Weapons Level 2  
  158  15:58  Hellion  
  158  15:59  Hellion  
  158  16:02  Marine x6  
  168  16:07  Raven  
  170  16:20  Marine x6, Hellion x2  
  170  16:21  Corvid Reactor  
  170  16:25  Infernal Pre-Igniter  
  180  16:46  Refinery  
  180  16:49  Refinery  
  180  16:50  Raven  
  182  17:02  SCV  
  183  17:14  SCV  
  184  17:26  SCV  
  185  17:32  Sensor Tower, Missile Turret  
  185  17:33  Medivac  
  187  17:59  Orbital Command  
  187  18:02  Medivac  
  187  18:33  Marine x6  
  96  18:50  Marine x2  
  96  18:54  Marine  
  96  18:55  Marine  
  60  19:08  Marine x2  
  25  19:31  Barracks  
  24  19:32  Barracks x2  
  24  19:33  Barracks  
  24  19:34  Barracks  
  16  19:51  Cyclone  
  11  20:22  Barracks Reactor  
  7  20:47  Engineering Bay  
  7  20:53  SCV  
Show
View Real Time Build Order
Export as new Build Order

ImperioAztek Protoss - Winner!

Build Orders:  

Get SALT Encoding   

  12  0:02  Probe  
  13  0:18  Pylon  
  14  0:21  Probe (Chrono Boost)  
  14  0:33  Pylon  
  14  0:37  Assimilator  
  14  0:48  Gateway  
  14  1:03  Probe (Chrono Boost)  
  15  1:04  Forge  
  15  1:13  Probe (Chrono Boost)  
  15  1:18  Probe (Chrono Boost)  
  16  1:25  Pylon  
  17  1:29  Probe  
  18  1:36  Zealot  
  20  1:44  Cybernetics Core  
  20  2:05  Photon Cannon  
  20  2:09  Probe (Chrono Boost)  
  20  2:13  Gateway  
  21  2:19  Probe (Chrono Boost)  
  21  2:20  Stalker  
  24  2:28  Assimilator  
  24  2:39  Photon Cannon  
  24  2:49  Twilight Council  
  24  2:52  Probe  
  24  2:56  Stalker  
  27  3:05  Stalker  
  29  3:10  Probe (Chrono Boost)  
  31  3:20  Probe (Chrono Boost)  
  31  3:40  Nexus  
  31  3:47  Stalker  
  33  3:54  Zealot  
  35  4:10  Dark Shrine  
  35  4:13  Pylon  
  35  4:20  Probe  
  36  4:32  Probe  
  36  4:35  Gateway  
  37  4:41  Zealot x2  
  41  4:45  Charge (Chrono Boost)  
  41  5:11  Zealot x2  
  45  5:19  Stargate  
  45  5:22  Pylon  
  45  5:30  Robotics Facility  
  45  5:33  Probe (Chrono Boost)  
  49  5:43  Probe (Chrono Boost)  
  49  5:47  Dark Templar  
  49  5:48  Probe (Chrono Boost)  
  50  5:51  Dark Templar  
  52  5:58  Dark Templar  
  52  5:59  Probe  
  52  6:02  Assimilator  
  55  6:09  Pylon  
  55  6:12  Probe (Chrono Boost)  
  56  6:22  Probe (Chrono Boost)  
  56  6:25  Observer  
  58  6:36  Void Ray  
  62  6:54  Zealot x3  
  62  6:58  Protoss Ground Weapons Level 1  
  62  7:00  Probe (Chrono Boost)  
  69  7:10  Probe (Chrono Boost)  
  69  7:15  Probe (Chrono Boost)  
  71  7:26  Probe  
  72  7:33  Fleet Beacon  
  72  7:37  Stargate  
  72  7:38  Probe  
  73  7:51  Probe  
  74  7:52  Assimilator  
  74  7:59  Stalker x2  
  78  8:06  Pylon  
  78  8:08  Pylon  
  78  8:11  Pylon  
  78  8:19  Pylon  
  78  8:24  Stalker, Probe  
  78  8:26  Carrier  
  87  8:44  Carrier  
  93  9:12  Nexus  
  93  9:16  Stargate  
  93  9:24  Pylon  
  93  9:26  Protoss Air Weapons Level 1  
  93  9:38  Pylon  
  93  9:45  Zealot x3  
  99  9:52  Pylon  
  95  10:01  Carrier (Chrono Boost)  
  95  10:02  Carrier (Chrono Boost)  
  107  10:15  Photon Cannon  
  107  10:16  Photon Cannon  
  107  10:24  Pylon  
  107  10:26  Assimilator  
  113  10:37  Carrier (Chrono Boost)  
  113  10:48  Mothership (Chrono Boost)  
  121  11:03  Stalker  
  121  11:04  Stalker  
  125  11:19  Protoss Ground Armor Level 1  
  125  11:21  Sentry  
  127  11:51  Carrier  
  133  12:03  Carrier  
  139  12:10  Zealot x2  
  139  12:12  Sentry  
  145  12:24  Assimilator  
  145  12:33  Carrier  
  151  12:37  Zealot  
  151  12:38  Zealot x2  
  151  12:41  Protoss Air Armor Level 1 (Chrono Boost)  
  157  13:25  Pylon  
  157  13:33  Pylon  
  157  13:37  Pylon  
  157  13:40  Pylon  
  157  13:43  Observer, Carrier  
  164  13:50  Pylon  
  164  13:51  Pylon, Carrier  
  170  14:02  Carrier  
  176  14:15  Protoss Ground Weapons Level 2 (Chrono Boost)  
  176  14:19  Sentry  
  176  14:20  Sentry  
  180  14:24  Protoss Air Weapons Level 2 (Chrono Boost)  
  180  14:28  Sentry  
  182  14:35  Pylon  
  182  14:37  Observer  
  183  14:46  Pylon  
  183  14:47  Graviton Catapult (Chrono Boost)  
  183  14:58  Observer  
  184  15:16  Carrier (Chrono Boost)  
  190  15:24  Carrier (Chrono Boost)  
  196  15:55  Carrier (Chrono Boost)  
  200  16:42  Photon Cannon  
  200  16:46  Photon Cannon  
  200  16:48  Photon Cannon  
  200  16:54  Photon Cannon  
  200  16:55  Photon Cannon  
  200  16:59  Protoss Air Weapons Level 3  
  200  17:16  Protoss Ground Weapons Level 3 (Chrono Boost)  
  200  17:33  Colossus  
  200  17:51  High Templar x2  
  125  18:59  Zealot x3  
  130  19:26  Zealot x3  
  136  19:53  Zealot x3, Carrier  
  148  20:20  Zealot  
Tags
 
Add a new tag
Caveats
  • Supply blocks, unpowered buildings, or Contaminate may cause inaccurate times.
  • Supply counts are checked every 10 seconds.